 Dungeon Crawl Stone Soup version 0.29.1-1-gd02db6906a (webtiles) character file.

Game seed: 18189872471811851472

34 Chimkentus the Scratcher (level 3, -5/15 HPs)
             Began as a Felid Transmuter on Oct 16, 2022.
             Killed from afar by Sigmund (7 damage)
             ... with a magic dart
             ... on level 2 of the Dungeon.
             The game lasted 00:07:11 (2426 turns).

Chimkentus the Scratcher (Felid Transmuter)         Turns: 2426, Time: 00:07:12

Health: -5/15      AC:  2    Str:  8    XL:     3   Next: 14%
Magic:  4/7        EV: 20    Int: 14    God:
Gold:   10         SH:  0    Dex: 21    Spells: 0/6 levels left
                                        Lives:  0   Deaths: 0

rFire   + . .      SeeInvis +     - Unarmed
rCold   + . .      Faith    .   (shield unavailable)
rNeg    . . .      Spirit   .   (body armour unavailable)
rPois   .          Reflect  .   (helmet unavailable)
rElec   +          Harm     .   (cloak unavailable)
rCorr   +          Rampage  .   (gloves unavailable)
Will    .....                   (boots unavailable)
Stlth   ++........              (no amulet)
HPRegen 0.05/turn               (no ring)
MPRegen 0.10/turn               (no ring)

@: spider-form, resistant
A: venomous fangs, tiny, (claws 1), (fangs 3), see invisible, (speed 1), (shaggy
fur 1), (stealthy paws), no weapons or thrown items, no armour, multi-lived
a: End Transformation


You were on level 2 of the Dungeon.
You were a venomous arachnid creature.
You visited 1 branch of the dungeon, and saw 2 of its levels.

You collected 94 gold pieces.
You spent 84 gold pieces at shops.

Inventory:

Scrolls
 e - a scroll of fog {unknown}
 h - a scroll of magic mapping {unknown}
 j - a scroll of noise
Potions
 a - a potion of lignification
 b - a potion of degeneration
 d - a potion of resistance
 g - 2 potions of mutation


   Skills:
 * Level 1.6 Fighting
 + Level 2.8 Dodging
 * Level 0.7 Stealth
 + Level 3.3 Unarmed Combat
 + Level 2.3 Spellcasting
 * Level 2.6 Transmutations


You couldn't memorise any spells.
You knew the following spells:

 Your Spells              Type           Power      Damage    Failure   Level
a - Beastly Appendage     Tmut           16%        N/A       21%         1
b - Wereblood             Tmut           8%         N/A       28%         2
c - Spider Form           Tmut/Pois      5%         N/A       61%         3

Your spell library contained the following spells:

 Spells                   Type           Power      Damage    Failure   Level
 Ice Form                 Ice/Tmut       5%         N/A       92%         4


Dungeon Overview and Level Annotations

Branches:
Dungeon (2/15)

Altars:

Shops:
D:2 *

Annotations:
D:2 Sigmund


Innate Abilities, Weirdness & Mutations

You are a venomous arachnid creature.
You have poisonous fangs.
You are tiny and dextrous.
Your spellcasting is less reliable in this form.
((You have sharp claws.))
((You have razor-sharp teeth.))
You have supernaturally acute eyesight. (SInv)
((You cover ground quickly. (Speed+)))
((You are covered in fur. (AC +1)))
((Your paws help you pounce on unaware monsters.))
You are incapable of wielding weapons or throwing items.
You cannot wear armour.
You gain extra lives every three experience levels.


Message History

The puff of flame hits you. You resist. Sigmund misses you.
Sigmund's eyes start glowing with a red light.
Sigmund is no longer covered in acid.
Aiming: Corrosive Bolt
Press: ? - help, Shift-Dir - straight line, f - Sigmund
Aim: Sigmund, wielding a +0 scythe and wearing a +0 robe (moderately wounded, fast, 68% to hit)
The bolt of acid hits Sigmund.
Sigmund is heavily wounded.
The now-empty wand crumbles to dust.
Sigmund says, "Now you see me, now you don't..."
Sigmund gestures at you while chanting. You resist with some effort.
You aren't carrying any items that you can evoke.
You aren't carrying any items that you can evoke.
Unknown command.
You aren't carrying any items that you can evoke.
Unknown command.
Casting: Beastly Appendage (safe; 8% risk of failure)
Confirm with . or Enter, or press ? or * to list all spells.
The spell is astonishingly dangerous to miscast (38% risk of failure)!
Continue anyway?
You turn into a venomous arachnid creature.
Sigmund hits you with a +0 scythe!
Ouch! That really hurt!
* * * LOW HITPOINT WARNING * * *
Okay, then.
You hit Sigmund.
Sigmund is poisoned.
Sigmund is severely wounded.
Sigmund casts a spell at you. You resist with some effort.
Sigmund mumbles some strange words.
Sigmund flickers and vanishes for a moment.
You hit Sigmund.
Sigmund looks as sick as possible!
Sigmund is severely wounded.
Sigmund hits you but does no damage.
You hit Sigmund.
Sigmund is almost dead.
Sigmund points at you and mumbles some strange words.
The magic dart hits you!
You die...

##.....# #......#
#.#............ .'.....#
#..)...# #.......##(###.
##.....# #......# ##.........#
#. .8.....# ##+###.#
#.........# #.
....#######.###'####.........#
#.
....'.......#......#........##
##
....#....####......##########
....#....# #......# ....#....#
#...s..# ###### ....#....#
###@############.....
....#....# #..@.........'.....
....#....# ##############.....
....#....# #..... ##########
#..... #..... #..... #.....


You could see Sigmund (fast, invisible, extremely poisoned).

Vanquished Creatures
  An adder (D:2)
  2 dart slugs (D:1)
  A bat (D:2)
  3 endoplasms (D:1)
  A goblin (D:1)
  2 hobgoblins
  3 ball pythons
  3 frilled lizards (D:1)
  2 kobolds (D:1)
  3 rats
21 creatures vanquished.

Notes
Turn   | Place    | Note
-------+----------+-------------------------------------------
     0 | D:1      | Chimkentus the Felid Transmuter began the quest for the
                  | Orb.
     0 | D:1      | Reached XP level 1. HP: 9/9 MP: 4/4
   410 | D:1      | Reached XP level 2. HP: 5/12 MP: 4/6
   413 | D:1      | Learned a level 2 spell: Wereblood
  1648 | D:2      | Reached XP level 3. HP: 3/15 MP: 3/7
  1916 | D:1      | Learned a level 3 spell: Spider Form
  2324 | D:2      | Found Zifaifad's General Store.
  2331 | D:2      | Bought 3 scrolls of identify for 72 gold pieces
  2331 | D:2      | Bought a scroll of noise for 12 gold pieces
  2395 | D:2      | Noticed Sigmund
  2426 | D:2      | Killed from afar by Sigmund

Illustrated notes

Levels and vault maps discovered:
D:1:      roderic_octagonal_star, layout_basic, dreamdust_princess_bridge,
          minivault_25, minmay_misc_feat_four_crosses
D:2:      layout_basic, serial_shops, shop_statue, chequers_jeans,
          minmay_octomino_e4, uniq_sigmund

Action                   || total
-------------------------++-------
Melee: Unarmed           ||    48
       Headbutt          ||     5
       Bite              ||     2
       Punch             ||     1
 Cast: Beastly Appendage ||    19
       Wereblood         ||     2
       Spider Form       ||     1
Evoke: Wand              ||     4
  Use: Scroll            ||     4
       Potion            ||     2
 Stab: Sleeping          ||     2
Armor: Skin              ||     1
Dodge: Dodged            ||    36
